 Dungeon Crawl Stone Soup version coffee-0.2.0 (webtiles) character file.

Game seed: 7658866831349955154, levelgen mode: deterministic

8175 Dorkslayer the Covert (level 11, -3/72 HPs)
             Began as an Octopode Fighter on Nov 1, 2020.
             Was a Believer of Dithmenos.
             Killed from afar by Maggie (41 damage)
             ... with an exploding inner flame
             ... hexed by the player character
             ... on level 10 of the Dungeon.
             The game lasted 00:32:46 (8289 turns).

Dorkslayer the Covert (Octopode Fighter)            Turns: 8289, Time: 00:32:46

Health: -3/72      AC:  1    Str: 18    XL:     11   Next: 26%
Magic:  14/20      EV: 20    Int: 12    God:    Dithmenos [**....]
Gold:   338        SH: 12    Dex: 17    Spells: 10/10 levels left

rFire    . . .     SeeInvis .   n - +8 dagger of the Poles {freeze, Dex+3 Stlth+}
rCold    + . .     Gourm    .   b - +0 kite shield
rNeg     + . .     Faith    .   (helmet restricted)
rPois    .         Spirit   .   a - amulet of the acrobat
rElec    .         Reflect  .   k - ring of positive energy
rCorr    .         Harm     .   u - +3 ring of dexterity
MR       .....                  D - ring of protection from cold
Stlth    +++++++++.             L - ring of magical power
HPRegen  0.22/turn              (no ring)
MPRegen  0.17/turn              (no ring)
                                (no ring)
                                (no ring)

@: very slightly contaminated, wreathed by umbra, invisible
A: almost no armour, stealthy swim, amphibious, 8 rings, constrict 8, camouflage
1, gelatinous body 1
a: Shadow Step, Renounce Religion


You were on level 10 of the Dungeon.
You worshipped Dithmenos.
Dithmenos was pleased with you.
You were not hungry.

You visited 2 branches of the dungeon, and saw 11 of its levels.

You collected 674 gold pieces.
You spent 336 gold pieces at shops.

Inventory:

Hand Weapons
 n - the +8 dagger of the Poles (weapon) {freeze, Dex+3 Stlth+}
   (You found it on level 1 of the Dungeon)

   It has been specially enchanted to freeze those struck by it, causing extra
   injury to most foes and up to half again as much damage against particularly
   susceptible opponents.
   It can also slow down cold-blooded creatures.
   It affects your dexterity (+3).
   It makes you more stealthy.
 x - a +1 demon blade of flaming
Missiles
 j - 15 boomerangs
 y - 3 atropa-tipped darts
 E - 7 curare-tipped darts (quivered)
 G - 4 throwing nets
Armour
 b - a +0 kite shield (worn)
Jewellery
 a - an amulet of the acrobat (around mantle)
 k - a ring of positive energy (left tentacle)
 u - a +3 ring of dexterity (right tentacle)
 D - a ring of protection from cold (on tentacle)
 L - a ring of magical power (on tentacle)
Wands
 s - a wand of paralysis (9)
 v - a wand of flame (46)
 A - a wand of disintegration (16)
 H - a wand of polymorph (10)
Scrolls
 e - a scroll of silence
 g - 2 scrolls of fear
 h - a scroll of summoning
 l - a scroll of enchant weapon
 m - 7 scrolls of remove curse
 o - a scroll of blinking
 p - 3 scrolls of immolation
 z - a scroll of amnesia
 B - a scroll of holy word
 C - 3 scrolls of teleportation
 F - 2 scrolls of magic mapping
 I - a scroll of enchant armour
Potions
 c - 3 potions of flight
 f - 3 potions of magic
 i - 5 potions of curing
 r - 2 potions of heal wounds
 w - 2 potions of mutation
 J - 2 potions of resistance
Miscellaneous
 q - a phantom mirror
Comestibles
 d - 15 rations
 K - 14 chunks of flesh


   Skills:
 + Level 6.1(10.2) Fighting
 * Level 10.0(10.1) Short Blades
 + Level 2.4(6.8) Long Blades
 + Level 4.2 Throwing
 + Level 6.8(10.4) Dodging
 + Level 11.5(14.8) Stealth
 + Level 6.8(10.4) Shields


You had 10 spell levels left.
You didn't know any spells.
Your spell library contained the following spells:

 Spells                   Type           Power        Failure   Level  Hunger
 Spectral Weapon          Hex/Chrm       ##......     22%         3    ##.....
 Summon Guardian Golem    Hex/Summ       ##......     22%         3    ##.....
 Infusion                 Chrm           #...         26%         1    None
 Summon Small Mammal      Summ           #...         26%         1    None
 Call Imp                 Summ           #.......     36%         2    #......
 Shroud of Golubria       Chrm/Tloc      #.....       36%         2    #......
 Song of Slaying          Chrm           #.......     36%         2    #......
 Ozocubu's Armour         Chrm/Ice       #.......     50%         3    ##.....
 Call Canine Familiar     Summ           #.......     61%         3    ##.....
 Summon Ice Beast         Ice/Summ       #.......     88%         4    ####...
 Summon Lightning Spire   Summ/Air       #.......     95%         4    ####...


Dungeon Overview and Level Annotations

Branches:
Dungeon (10/10)            Temple (1/1) D:2
    Zot: D:10

Altars:
Ashenzari
Cheibriados
Dithmenos
Elyvilon
Fedhas
Gozag
Hepliaklqana
Kikubaaqudgha
Makhleb
Nemelex Xobeh
Okawaru
Qazlal
Ru
Sif Muna
Trog
Uskayaw
Vehumet
Wu Jian
Xom
Yredelemnul
Zin
The Shining One

Shops:
D:1 *   D:6 *   D:7 !


Innate Abilities, Weirdness & Mutations

You cannot wear most types of armour.
You are very stealthy in the water. (Stealth+)
You are amphibious.
You can wear up to eight rings at the same time.
You can use your tentacles to constrict eight enemies at once.
Your skin changes colour to match your surroundings (Stealth+).
Your rubbery body absorbs attacks. (AC +1, EV +1)


Message History

Evoke which item? (* to show all) (? for menu, Esc to quit)
Aiming: Throw Flame
Press: ? - help, Shift-Dir - straight line, f/p - Maggie
Aim: Maggie, wielding a +0 scimitar of draining and wearing +0 swamp dragon scales (moderately wounded, inner flame)
The puff of flame hits Maggie.
Flame seeps out of Maggie.
Maggie is heavily wounded.
Maggie is engulfed in blazing flames.
Flame seeps out of Maggie.
A yellow draconian comes into view. It is wielding a -3 flail.
Evoke which item? (* to show all) (? for menu, Esc to quit)
Aiming: Throw Flame
Press: ? - help, Shift-Dir - straight line, f/p - Maggie
Aim: Maggie, wielding a +0 scimitar of draining and wearing +0 swamp dragon scales (heavily wounded, inner flame)
The puff of flame misses Maggie.
The yellow draconian roars!
You catch the helpless Maggie completely off-guard!
You impale Maggie!! You freeze Maggie.
Maggie explodes!
The fiery explosion engulfs you!!!
Ouch! That really hurt!
You die...

.........................
.......y.................
........d................
.$.............÷.........
..........y..............
.........................
.........................
....°.§§§................
......§.@......[.........
########################.
#. #. #. #. #. #. #.


You could see a yellow draconian (wandering) and 2 killer bees.

Vanquished Creatures
  Harold (D:8)
  2 two-headed ogres
  Pikel (D:6)
  A manticore (D:10)
  A troll (D:7)
  A spriggan (D:7)
  2 hungry ghosts (D:8)
  5 orc warriors
  2 sky beasts
  4 slaves
  2 hornet zombies
  An ice beast (D:5)
  2 black bears
  An eye of draining (D:10)
  3 phantoms
  4 ogres
  4 centaurs
  A crocodile (D:8)
  3 big kobolds
  6 bullfrogs
  2 scorpions
  13 killer bees
  A howler monkey (D:8)
  A quasit (D:8)
  A bullfrog zombie (D:7)
  5 centaur zombies
  3 jellies
  5 orc priests
  Crazy Yiuf (D:7)
  A centaur skeleton (D:6)
  3 bullfrog skeletons
  4 orc wizards
  A gnoll shaman (D:8)
  An iguana (D:8)
  9 worker ants
  A hound skeleton (D:6)
  Robin (D:4)
  10 gnolls
  8 adders
  3 shadow imps
  An adder skeleton (D:4)
  2 worms (D:2)
  6 leopard geckos
  24 orcs
  A ball python (D:1)
  5 giant cockroaches
  15 goblins
  14 hobgoblins
  4 jackals (D:2)
  3 quokkas
  6 bats
  3 frilled lizards
  11 kobolds
  4 rats
220 creatures vanquished.

Notes
Turn   | Place    | Note
-------+----------+-------------------------------------------
     0 | D:1      | Dorkslayer the Octopode Fighter began the quest for the
                  | Orb.
     0 | D:1      | Reached XP level 1. HP: 16/16 MP: 1/1
    83 | D:1      | Found Lorod's Assorted Antiques.
   123 | D:1      | Reached XP level 2. HP: 5/21 MP: 2/2
   530 | D:1      | Got the +8 dagger of the Poles {freeze, Dex+3 Stlth+}
   776 | D:2      | Reached XP level 3. HP: 20/26 MP: 3/3
   784 | D:2      | Reached skill level 1 in Stealth
   815 | D:2      | Reached XP level 4. HP: 18/31 MP: 4/4
   855 | D:2      | Reached skill level 1 in Short Blades
  1144 | D:2      | Found a staircase to the Ecumenical Temple.
  1151 | Temple   | Entered the Ecumenical Temple
  1381 | D:2      | Reached skill level 2 in Stealth
  1449 | D:2      | Reached skill level 1 in Throwing
  1449 | D:2      | Reached XP level 5. HP: 36/36 MP: 5/5
  1980 | D:3      | Reached skill level 3 in Stealth
  2308 | D:3      | Reached XP level 6. HP: 42/42 MP: 6/6
  2430 | D:3      | Found a sacrificial altar of Ru.
  2432 | D:3      | Found a sparkling altar of Nemelex Xobeh.
  2433 | D:3      | Found a burning altar of Makhleb.
  2439 | D:3      | Found a stormy altar of Qazlal.
  2440 | D:3      | Found a basalt altar of Yredelemnul.
  2621 | D:3      | Reached skill level 4 in Stealth
  2728 | D:4      | Reached XP level 7. HP: 30/47 MP: 7/7
  2733 | D:4      | Reached skill level 5 in Stealth
  2931 | D:4      | Found a shattered altar of Ashenzari.
  2933 | D:4      | Noticed Robin
  3026 | D:4      | Killed Robin
  3457 | D:5      | Entered Level 5 of the Dungeon
  3526 | D:5      | Identified the -2 hat of Divine Intervention {Dex+3} (You
                  | acquired it on level 5 of the Dungeon)
  3569 | D:5      | Reached skill level 5 in Short Blades
  3569 | D:5      | Reached skill level 6 in Stealth
  3569 | D:5      | Reached XP level 8. HP: 40/54 MP: 8/8
  3868 | D:5      | Found an opulent altar of Gozag.
  3900 | D:5      | Found an ornate altar of the Wu Jian Council.
  4015 | D:6      | HP: 2/54 [orc priest/divine providence (12)]
  4029 | D:6      | Found Ruix's General Store.
  4961 | D:6      | Reached skill level 7 in Stealth
  5030 | D:6      | Reached skill level 5 in Shields
  5030 | D:6      | Reached XP level 9. HP: 34/59 MP: 9/9
  5335 | D:6      | Noticed Pikel
  5346 | D:6      | Killed Pikel
  5346 | D:6      | Reached skill level 5 in Dodging
  5495 | D:6      | Reached skill level 8 in Stealth
  5993 | D:7      | Noticed a troll
  6002 | D:7      | Killed a troll
  6002 | D:7      | Reached skill level 9 in Stealth
  6326 | D:7      | Reached skill level 5 in Fighting
  6326 | D:7      | Reached XP level 10. HP: 54/66 MP: 10/10
  6447 | D:7      | Found Savum's Distillery.
  6450 | D:7      | Bought 2 potions of curing for 84 gold pieces
  6450 | D:7      | Bought a potion of heal wounds for 70 gold pieces
  6450 | D:7      | Bought a potion of invisibility for 112 gold pieces
  6450 | D:7      | Bought a potion of heal wounds for 70 gold pieces
  6473 | D:7      | Found a shadowy altar of Dithmenos.
  6491 | D:7      | Became a worshipper of Dithmenos the Shadowed
  6567 | D:7      | Found a shimmering altar of Xom.
  6680 | D:7      | Found a hide-covered altar of Uskayaw.
  6700 | D:7      | Found a runed translucent door.
  6701 | D:7      | Noticed Crazy Yiuf
  6708 | D:7      | Killed Crazy Yiuf
  6840 | D:8      | Noticed a two-headed ogre
  6842 | D:8      | Killed a two-headed ogre
  6905 | D:8      | Reached * piety under Dithmenos
  6969 | D:8      | Reached skill level 10 in Stealth
  7199 | D:8      | Noticed Harold
  7206 | D:8      | Killed Harold
  7536 | D:9      | Noticed a two-headed ogre
  7543 | D:9      | Killed a two-headed ogre
  7543 | D:9      | Reached skill level 11 in Stealth
  7543 | D:9      | Reached XP level 11. HP: 72/72 MP: 11/11
  8101 | D:10     | Entered Level 10 of the Dungeon
  8161 | D:10     | Reached ** piety under Dithmenos
  8236 | D:10     | Noticed a manticore
  8255 | D:10     | Killed a manticore
  8255 | D:10     | Reached skill level 10 in Short Blades
  8274 | D:10     | Noticed Maggie
  8289 | D:10     | Killed Maggie
  8289 | D:10     | Killed from afar by Maggie

Levels and vault maps discovered:
D:1:      dpeg_arrival_rhombi, layout_basic, serial_shops, shop,
          serial_corexii_hall, corexii_hall_statues_x,
          corexii_hall_statues_deadend
D:2:      layout_basic, minmay_temple_entry_nine_rooms
D:3:      layout_loops_ring, minitemple
D:4:      layout_loops_ring, nicolae_ashenzari_panopticon,
          hangedman_decor_slide_cut, uniq_robin
D:5:      layout_basic, overflow_temple_1_default, first_ration, basic_altar
D:6:      layout_gridville, serial_shops, shop_statue, uniq_pikel
D:7:      layout_rooms, nicolae_dithmenos_through_a_glass_darkly,
          eat_drink_and_be_merry_uskayaw, kennysheep_mini, serial_shops,
          nicolae_shop_behind_doors, the_bakery, minmay_large_rounded_square,
          uniq_crazy_yiuf_cottage
D:8:      layout_rooms, uniq_harold
D:9:      layout_long_grid, kennysheep_small_spiral
D:10:     grunt_zot_entry_bicorn, layout_cross, uniq_maggie
Temple:   hc_temple_tempest_star

Skill      XL: |  1  2  3  4  5  6  7  8  9 10 11 |
---------------+----------------------------------+-----
Stealth        | 1 2 3 4 6 7 9 11 | 11.5
Short Blades   | 1 2 3 5 6 8 9 10 | 10.0
Throwing       | 1 2 3 4 |  4.2
Shields        | 4 5 6 |  6.8
Fighting       | 4 5 6 |  6.1
Dodging        | 4 5 6 |  6.8
Long Blades    | |  2.4

Action                   |  1- 3 |  4- 6 |  7- 9 | 10-12 || total
-------------------------+-------+-------+-------+-------++-------
Melee: Long sword        |    17 |       |       |       ||    17
       Constrict         |    11 |    18 |    31 |    25 ||    85
       Tentacles         |    10 |    13 |    51 |    44 ||   118
       Dagger            |    17 |    92 |   189 |   152 ||   450
       Punch             |       |     1 |    10 |    10 ||    21
Throw: Dart              |     6 |    10 |    17 |     4 ||    37
       Boomerang         |       |       |     9 |     1 ||    10
Evoke: Wand              |       |       |       |     3 ||     3
  Use: Potion            |       |     1 |     6 |     1 ||     8
       Scroll            |       |       |     6 |     1 ||     7
 Stab: Sleeping          |     4 |    16 |    13 |    14 ||    47
       Invisible         |     1 |     1 |     1 |     1 ||     4
       Distracted        |       |       |     1 |     1 ||     2
  Eat: Chunk             |       |     6 |     5 |     2 ||    13
       Ration            |       |       |     2 |     2 ||     4
Armor: Skin              |     4 |       |     5 |     1 ||    10
Dodge: Dodged            |    14 |    23 |   103 |    66 ||   206
Block: Kite shield       |    13 |    26 |    86 |    52 ||   177
       Rpst.: Long sword |     4 |       |       |       ||     4
